 Dungeon Crawl Stone Soup version 0.29.1-2-gbd0b4ee654 (webtiles) character file.

Game seed: 6892498206797825254

72171 Avanven the Executioner (level 15, -4/107 HPs)
             Began as a Hill Orc Monk on Nov 4, 2022.
             Was a Believer of Uskayaw.
             Slain by a stone giant (31 damage)
             ... on level 15 of the Dungeon.
             The game lasted 00:55:32 (24363 turns).

Avanven the Executioner (Hill Orc Monk)            Turns: 24363, Time: 00:55:32

Health: -4/107     AC: 20    Str: 22    XL:     15   Next: 39%
Magic:  26/26      EV:  7    Int: 10    God:    Uskayaw [**....]
Gold:   1551       SH: 19    Dex: 16    Spells: 14/14 levels left

rFire   + + .      SeeInvis +   G - +3 broad axe of the Endless Expanse {vorpal, *Slow rN+ Dex+3}
rCold   + + .      Faith    .   o - +1 kite shield "Maek" {Will+}
rNeg    + . .      Spirit   .   n - +1 plate armour {rF+}
rPois   +          Reflect  +   I - +0 helmet of the Original Sin {rC+ Will+}
rElec   .          Harm     .   b - +0 cloak
rCorr   .          Rampage  .   N - +0 pair of gloves
Will    +++..                   c - +1 pair of boots of Cocytus {rPois rC+}
Stlth   ..........              Q - amulet of reflection
HPRegen 0.27/turn               L - ring of see invisible
MPRegen 0.20/turn               u - ring of protection from fire

@: marked
A: no striking features
a: Renounce Religion, Stomp, Line Pass


You were on level 15 of the Dungeon.
You worshipped Uskayaw.
Uskayaw was pleased with you.
You visited 4 branches of the dungeon, and saw 21 of its levels.
You also visited: Ossuary, Bailey and Volcano.

You collected 1775 gold pieces.
You spent 224 gold pieces at shops.

Inventory:

Hand Weapons
 a - a +0 hand axe of flaming
 G - the +3 broad axe of the Endless Expanse (weapon) {vorpal, *Slow rN+ Dex+3}
   (You acquired it in a bailey)

   It inflicts extra damage upon your enemies.
   Dex:       It affects your dexterity (+3).
   rN:        It protects you from negative energy.
   *Slow:     It may slow you when you take damage.
Missiles
 m - 8 throwing nets (quivered)
Armour
 b - a +0 cloak (worn)
 c - the +1 pair of boots of Cocytus (worn) {rPois rC+}
   (You acquired it on level 4 of the Dungeon)

   rC:        It protects you from cold.
   rPois:     It protects you from poison.
 n - a +1 plate armour of fire resistance (worn)
 o - the +1 kite shield "Maek" (worn) {Will+}
   (You acquired it on level 5 of the Lair of Beasts)

   Will:      It increases your willpower.
 I - the +0 helmet of the Original Sin (worn) {rC+ Will+}
   (You acquired it on level 5 of the Lair of Beasts)

   rC:        It protects you from cold.
   Will:      It increases your willpower.
 N - a +0 pair of gloves (worn)
Jewellery
 u - a ring of protection from fire (right hand)
 A - a ring of fire
 E - a ring of resist corrosion
 L - a ring of see invisible (left hand)
 Q - an amulet of reflection (around neck)
 R - a ring of ice
Wands
 p - a wand of iceblast (3)
 F - a wand of charming (12)
 P - a wand of mindburst (13)
 S - a wand of polymorph (3)
Scrolls
 g - 4 scrolls of fog
 h - 4 scrolls of poison
 q - 7 scrolls of teleportation
 s - 3 scrolls of blinking
 w - 2 scrolls of magic mapping
 x - 2 scrolls of brand weapon
 y - 4 scrolls of fear
 M - 8 scrolls of identify
Potions
 d - 2 potions of magic
 e - 2 potions of ambrosia
 i - 2 potions of cancellation
 j - a potion of flight
 l - 7 potions of brilliance
 v - 2 potions of might
 z - 2 potions of haste
 C - 7 potions of curing
 D - a potion of resistance
 H - 5 potions of invisibility


   Skills:
 - Level 3.6 Fighting
 * Level 23.9 Axes
 - Level 7.3 Armour
 - Level 2.4 Dodging
 - Level 1.5 Stealth
 + Level 14.8 Shields
 + Level 15.1 Invocations


You had 14 spell levels left.
You didn't know any spells.
Your spell library contained the following spells:

 Spells                   Type           Power      Damage    Failure   Level
 Freeze                   Ice            0%         1d3       100%        1
 Magic Dart               Conj           0%         1d3       100%        1
 Sandblast                Erth           0%         2d4       100%        1
 Blink                    Tloc           0%         N/A       100%        2
 Call Imp                 Summ           0%         N/A       100%        2
 Ensorcelled Hibernation  Hex/Ice        0%         N/A       100%        2
 Passwall                 Tmut/Erth      0%         N/A       100%        2
 Static Discharge         Conj/Air       0%         3-3/arc   100%        2
 Conjure Flame            Conj/Fire      0%         6-21      100%        3
 Frozen Ramparts          Ice            0%         1d1       100%        3
 Gell's Gravitas          Tloc           0%         N/A       100%        3
 Ignite Poison            Fire/Tmut/Pois 0%         N/A       100%        3
 Lesser Beckoning         Tloc           0%         N/A       100%        3
 Mephitic Cloud           Conj/Pois/Air  0%         N/A       100%        3
 Ozocubu's Armour         Ice            0%         N/A       100%        3
 Spider Form              Tmut/Pois      0%         N/A       100%        3
 Stone Arrow              Conj/Erth      0%         3d7       100%        3
 Swiftness                Air            0%         N/A       100%        3
 Teleport Other           Tloc           0%         N/A       100%        3
 Anguish                  Hex/Necr       0%         N/A       100%        4
 Dispel Undead            Necr           0%         3d6       100%        4
 Hailstorm                Conj/Ice       0%         3d3       100%        4
 Sticky Flame             Conj/Fire      0%         2d3       100%        4
 Freezing Cloud           Conj/Ice/Air   0%         6-21      100%        5
 Lightning Bolt           Conj/Air       0%         1d11      100%        5
 Manifold Assault         Tloc           0%         N/A       100%        5
 Conjure Ball Lightning   Conj/Air       0%         3x3d6     100%        6
 Dispersal                Tloc           0%         N/A       100%        6
 Simulacrum               Ice/Necr       0%         N/A       100%        6
 Orb of Destruction       Conj           0%         9d5       100%        7
 Ozocubu's Refrigeration  Ice            0%         4d7       100%        7
 Polar Vortex             Ice            0%         N/A       100%        9


Dungeon Overview and Level Annotations

Branches:
Dungeon (15/15)            Temple (1/1) D:6            Lair (5/5) D:10
 Shoals (0/4) Lair:2        Snake (0/4) Lair:3          Orc (2/2) D:9
    Elf (0/3) Orc:2       Ossuary (visited)          Bailey (visited)
Volcano (visited)
  Slime: Lair:4-5    Vaults: D:13-14     Depths: D:15

Altars:
Ashenzari
Cheibriados
Dithmenos
Elyvilon
Fedhas
Gozag
Hepliaklqana
Kikubaaqudgha
Makhleb
Nemelex Xobeh
Okawaru
Qazlal
Ru
Sif Muna
Trog
Uskayaw
Vehumet
Wu Jian
Xom
Yredelemnul
Zin
The Shining One
Beogh
Jiyva

Shops:
D:4 ((   D:8 (   Orc:2 [(?[[

Annotations:
D:5 3 runed translucent doors, GeoRichter's ghost, novice SpHu
Lair:4 exclusion: 2 oklob plants


Message History

You hit the stone giant but do no damage.
The stone giant is lightly wounded.
You slash the stone giant!
The stone giant is moderately wounded.
You block the stone giant's attack.
You hit the stone giant but do no damage.
The stone giant is moderately wounded.
You block the stone giant's attack.
A basilisk comes into view.
You hit the stone giant.
The stone giant is moderately wounded.
The stone giant hits you!!
You hit the stone giant.
The stone giant is heavily wounded.
You can now pass through a line of other dancers.
You hit the stone giant.
The stone giant is heavily wounded.
You block the stone giant's attack.
You slash the stone giant!
The stone giant is severely wounded.
The stone giant hits you!!
You hit the stone giant.
The stone giant is severely wounded.
The stone giant hits you!!
You are too injured to fight recklessly!
You are too injured to fight recklessly!
You are too injured to fight recklessly!
You are too injured to fight recklessly!
You are too injured to fight recklessly!
Unknown command.
You slash the stone giant!
The stone giant is almost dead.
The stone giant hits you!!
* * * LOW HITPOINT WARNING * * *
You hit the stone giant.
The stone giant is almost dead.
You completely miss the stone giant.
The stone giant is almost dead.
The stone giant hits you!!
You die...

§≈.....≈≈≈.# # §§≈≈C≈≈§≈..# #
≈§#≈§≈.≈#.≈. # §§.§§§≈≈... #
..≈..≈..≈..####################
......§. #....................
#...###.###################
#.....lC.# ....... ###.#.##@###
####### #.#.#...<#
#.#.#.......# #......######
###.#... ######


You could see a stone giant and a basilisk.

Vanquished Creatures
  Gastronok (Lair:1)
  An orc warlord (Orc:2)
  Nessos (Lair:3)
  Azrael (Orc:2)
  A fire dragon (Lair:5)
  3 hydras
  2 catoblepae (Lair:5)
  A centaur warrior (D:10)
  4 death yaks (Lair:5)
  2 tengu warriors (D:15)
  6 two-headed ogres
  Sonja (D:11)
  Amaemon (Lair:2)
  A fire crab (Lair:5)
  2 goliath frogs (Lair:5)
  Pikel (D:6)
  An oklob plant (D:10)
  5 ugly things
  4 orc knights
  A cyclops (D:15)
  A manticore (D:11)
  3 orc sorcerers (Orc:2)
  7 black mambas
  9 elephants
  Maurice (Orc:2)
  3 gargoyles
  20 cane toads
  A torpor snail (Lair:4)
  An orange demon (Lair:2)
  3 rime drakes
  A yaktaur (D:10)
  An efreet (D:15)
  3 komodo dragons
  2 trolls
  A hornet (D:9)
  Prince Ribbit (D:6)
  3 tyrant leeches (Lair:5)
  3 polar bears
  21 blink frogs
  5 dream sheep (Lair:3)
  3 shadows
  49 yaks
  A vampire (Bailey)
  A fire bat (Volcano)
  7 wyverns
  4 fire elementals (Orc:2)
  6 basilisks
  7 vampire mosquitoes
  3 steam dragons (D:10)
  2 nagas (Lair:3)
  An acid dragon (D:11)
  12 water moccasins
  7 hell hounds
  30 orc warriors
  2 sky beasts
  8 ogres
  31 wolves
  An ice beast (D:7)
  A phantom (D:4)
  9 centaurs
  2 lemures (D:6)
  5 kobold brigands
  23 bullfrogs
  7 gnoll sergeants
  5 scorpions
  17 wights
  7 vampire bats (Bailey)
  5 killer bees (D:7)
  An electric eel (Lair:2)
  2 howler monkeys (D:10)
  7 wolf zombies (Bailey)
  7 hounds
  22 orc priests
  A centaur zombie (Ossuary)
  A human zombie (Ossuary)
  A jelly (D:7)
  2 gnoll boudas (D:7)
  5 iguanas
  23 orc wizards
  4 mummies (Ossuary)
  25 gnolls
  4 adders
  4 shadow imps
  A white imp (D:8)
  2 worms
  2 dart slugs
  81 orcs
  5 bats
  6 endoplasms
  A giant cockroach (D:2)
  6 goblins
  6 hobgoblins
  5 jackals
  7 ball pythons
  3 frilled lizards
  3 gnoll zombies (Ossuary)
  A hobgoblin zombie (Ossuary)
  17 kobolds
  20 orc zombies
  2 rats
663 creatures vanquished.

Vanquished Creatures (others)
  An orc wizard (Orc:2)
  A goblin (D:10)
  40 fungi
  110 plants
152 creatures vanquished.

Grand Total: 815 creatures vanquished

Notes
Turn   | Place    | Note
-------+----------+-------------------------------------------
     0 | D:1      | Avanven the Hill Orc Monk began the quest for the Orb.
     0 | D:1      | Reached XP level 1. HP: 19/19 MP: 1/1
   172 | D:1      | Reached XP level 2. HP: 21/26 MP: 2/2
   660 | D:1      | Reached skill level 1 in Shields
   800 | D:2      | Identified the +8 hand axe of Ywoatah {drain, rCorr Stlth+}
   906 | D:2      | Reached skill level 5 in Axes
   948 | D:2      | Reached XP level 3. HP: 31/31 MP: 3/3
  1480 | D:3      | Found a faded altar of an unknown god.
  1938 | D:3      | Reached XP level 4. HP: 31/39 MP: 4/4
  1944 | D:3      | Reached skill level 1 in Armour
  2499 | D:4      | Found Pesacolu's Weapon Shoppe.
  2578 | D:4      | Reached skill level 6 in Axes
  2578 | D:4      | Reached XP level 5. HP: 42/45 MP: 5/5
  2716 | D:4      | Found Boxaolash's Weapon Boutique.
  2992 | D:4      | Noticed a phantom
  3011 | D:4      | Killed a phantom
  3012 | D:4      | Reached XP level 6. HP: 42/51 MP: 6/6
  3219 | D:4      | Reached skill level 7 in Axes
  3666 | D:4      | Identified a scroll of acquirement
  3666 | D:4      | Acquired the +1 pair of boots of Cocytus {rPois rC+}
  3915 | D:5      | Entered Level 5 of the Dungeon
  4114 | D:5      | Reached XP level 7. HP: 54/57 MP: 7/7
  4170 | D:5      | Reached skill level 8 in Axes
  4715 | D:5      | Found a runed translucent gate.
  4716 | D:5      | Noticed GeoRichter's ghost (novice SpHu)
  4748 | D:5      | Found a runed translucent gate.
  4750 | D:5      | Found a runed translucent gate.
  5550 | D:6      | Reached skill level 9 in Axes
  5621 | D:6      | Reached XP level 8. HP: 38/64 MP: 8/8
  5770 | D:6      | Found a staircase to the Ecumenical Temple.
  5884 | D:6      | Noticed Prince Ribbit
  5930 | D:6      | Killed Prince Ribbit
  5931 | D:6      | Reached skill level 10 in Axes
  5931 | D:6      | Reached skill level 5 in Shields
  6088 | D:6      | Reached skill level 5 in Armour
  6106 | D:6      | Found a sand-covered staircase.
  6115 | Ossuary  | Entered an ossuary
  6444 | D:6      | Found a basalt altar of Yredelemnul.
  6445 | D:6      | Found a snail-covered altar of Cheibriados.
  6448 | D:6      | Found a blossoming altar of Fedhas.
  6448 | D:6      | Found a bloodstained altar of Trog.
  6492 | D:6      | Reached skill level 11 in Axes
  6492 | D:6      | Reached XP level 9. HP: 50/70 MP: 9/9
  6621 | D:6      | Noticed Pikel
  6640 | D:6      | Killed Pikel
  6662 | Temple   | Entered the Ecumenical Temple
  6947 | Temple   | Became a worshipper of Uskayaw the Reveller
  6947 | Temple   | Reached * piety under Uskayaw
  6977 | D:6      | Reached ** piety under Uskayaw
  7005 | D:6      | Found an iron altar of Okawaru.
  7008 | D:6      | Found a broken altar of Ashenzari.
  7011 | D:6      | Found a shadowy altar of Dithmenos.
  7012 | D:6      | Found a radiant altar of Vehumet.
  7014 | D:6      | Found a shimmering altar of Xom.
  7185 | D:7      | Reached skill level 12 in Axes
  7186 | D:7      | Reached *** piety under Uskayaw
  7188 | D:7      | Reached **** piety under Uskayaw
  7282 | D:7      | Reached ***** piety under Uskayaw
  7792 | D:7      | Reached skill level 13 in Axes
  7856 | D:7      | Reached XP level 10. HP: 77/77 MP: 7/10
  7880 | D:7      | Found the +3 woodcutter's axe {vorpal}
  8024 | D:8      | Noticed a two-headed ogre
  8040 | D:8      | Killed a two-headed ogre
  8289 | D:8      | Reached skill level 14 in Axes
  8298 | D:8      | Found Cirurinn's Weapon Boutique.
  9195 | D:9      | Found a staircase to the Orcish Mines.
  9230 | D:9      | Reached skill level 15 in Axes
  9397 | D:9      | Reached skill level 5 in Invocations
  9695 | D:10     | Entered Level 10 of the Dungeon
  9745 | D:10     | Found a flagged portal.
  9760 | D:10     | Noticed a two-headed ogre
  9768 | D:10     | Reached XP level 11. HP: 82/82 MP: 15/15
  9770 | D:10     | Killed a two-headed ogre
 10037 | D:10     | Reached skill level 16 in Axes
 10232 | Bailey   | Entered a bailey
 10241 | Bailey   | Acquired the +3 broad axe of the Endless Expanse {vorpal,
                  | *Slow rN+ Dex+3}
 10685 | Bailey   | Got Fafop's Vellum of Outbursts
 10759 | D:10     | Noticed an oklob plant
 10759 | D:10     | Noticed a two-headed ogre
 10771 | D:10     | Killed a two-headed ogre
 10775 | D:10     | Found a staircase to the Lair.
 10793 | D:10     | Killed an oklob plant
 11180 | D:10     | Noticed a brown ugly thing
 11186 | D:10     | Reached skill level 10 in Shields
 11191 | D:10     | Killed a brown ugly thing
 11198 | D:10     | Reached ****** piety under Uskayaw
 11199 | D:10     | Reached skill level 17 in Axes
 11223 | D:10     | Noticed a centaur warrior
 11231 | D:10     | Killed a centaur warrior
 11559 | D:11     | Noticed a manticore
 11567 | D:11     | Killed a manticore
 11658 | Lair:1   | Entered Level 1 of the Lair of Beasts
 11690 | Lair:1   | Reached XP level 12. HP: 90/90 MP: 18/18
 11694 | Lair:1   | Noticed Gastronok
 11697 | Lair:1   | Killed Gastronok
 11698 | Lair:1   | Reached skill level 18 in Axes
 11831 | Lair:1   | Noticed an eight-headed hydra
 11851 | Lair:1   | Killed a one-headed hydra
 12408 | Lair:1   | Reached skill level 10 in Invocations
 12718 | Lair:2   | Reached skill level 19 in Axes
 12883 | Lair:2   | Found a staircase to the Shoals.
 13133 | Lair:2   | You fall into a shaft and drop 1 floor!
 13147 | Lair:3   | Reached XP level 13. HP: 90/95 MP: 18/21
 13504 | Lair:3   | Found a staircase to the Snake Pit.
 13773 | Lair:3   | Noticed Nessos
 13784 | Lair:3   | Killed Nessos
 13785 | Lair:3   | Reached skill level 20 in Axes
 14904 | Lair:4   | Found a viscous altar of Jiyva.
 15383 | Lair:2   | Noticed Amaemon
 15394 | Lair:2   | Killed Amaemon
 15544 | Lair:2   | Reached skill level 21 in Axes
 16091 | Lair:5   | Entered Level 5 of the Lair of Beasts
 16097 | Lair:5   | Acquired the +0 helmet of the Original Sin {rC+ Will+}
 16173 | Lair:5   | Reached XP level 14. HP: 69/102 MP: 23/23
 16614 | Lair:5   | Acquired the +1 kite shield "Maek" {Will+}
 16807 | Lair:5   | Reached skill level 22 in Axes
 19343 | Orc:1    | Entered Level 1 of the Orcish Mines
 19586 | Orc:2    | Entered Level 2 of the Orcish Mines
 19595 | Orc:2    | Found a staircase to the Elven Halls.
 19758 | Orc:2    | Found a dark tunnel.
 19761 | Orc:2    | Noticed Maurice
 19769 | Volcano  | Entered a volcano
 19898 | Volcano  | Reached skill level 23 in Axes
 20309 | Orc:2    | Killed Maurice
 20311 | Orc:2    | Found a roughly hewn altar of Beogh.
 20619 | Orc:2    | Noticed an orc warlord
 20626 | Orc:2    | Reached XP level 15. HP: 29/105 MP: 25/25
 20680 | Orc:2    | Killed an orc warlord
 21055 | Orc:2    | Noticed Azrael
 21094 | Orc:2    | HP: 5/107 [Azrael/fireball (4)]
 21098 | Orc:2    | Killed Azrael
 21510 | Orc:2    | Found Ojouludd's Antique Weapon Shoppe.
 21511 | Orc:2    | Found a roughly hewn altar of Beogh.
 21512 | Orc:2    | Found Xoxzuepn's Antique Armour Emporium.
 21525 | Orc:2    | Bought an embroidered scarf for 224 gold pieces
 21559 | Orc:2    | Found Waddun's Magic Scroll Shop.
 21576 | Orc:2    | Found a roughly hewn altar of Beogh.
 21647 | Orc:2    | Found a roughly hewn altar of Beogh.
 21793 | Orc:2    | Found a roughly hewn altar of Beogh.
 22133 | Orc:2    | Found a roughly hewn altar of Beogh.
 22134 | Orc:2    | Found Vodd's Armour Shop.
 22236 | Orc:2    | Found a roughly hewn altar of Beogh.
 22267 | Orc:2    | Found Usekab's Antique Armour Emporium.
 22868 | D:11     | Noticed Sonja
 22883 | D:11     | Killed Sonja
 23096 | D:11     | Identified the +4 falchion "Emupsir" {holy, *Slow Dex+6}
 23511 | D:12     | You fall into a shaft and drop 3 floors!
 23511 | D:15     | Entered Level 15 of the Dungeon
 23511 | D:15     | Found a white marble altar of Elyvilon.
 23575 | D:15     | Reached skill level 15 in Invocations
 24363 | D:15     | Slain by a stone giant

Illustrated notes

Levels and vault maps discovered:
D:1:      nicolae_arrival_memento_mori, layout_rooms
D:2:      layout_rooms, grunt_ministairs_9, chequers_garden,
          minmay_misc_feat_room, corexii_item_surrounded_by_moat,
          hangedman_decor_riveting
D:3:      layout_loops_cross, basic_ecumenical_altar, grunt_ministairs_13
D:4:      layout_loops_cross, serial_shops, nicolae_stop_n_shop_1,
          nicolae_take_the_stairs, kennysheep_small_spiral
D:5:      layout_loops_ring, gammafunk_ghost_nasty_kobolds,
          serial_co_window_serial, co_window_corner_a, co_window_paths_b,
          co_window_corner_a, co_window_corner_a, co_window_paths_b,
          co_window_paths_b, co_window_paths_b, co_window_of_opportunity_b,
          co_window_corner_b, co_window_unsneaky_path_c,
          co_window_unsneaky_path_a, co_window_paths_c,
          co_window_of_opportunity_b, co_window_cross_2, glass_columns_b,
          glass_columns_a, glass_columns_b, glass_columns_c, minmay_liquid_box
D:6:      layout_basic, minitemple, grunt_temple_overflow_open,
          minmay_temple_entry_sparse_star, enter_ossuary_1, uniq_pikel,
          uniq_prince_ribbit1
D:7:      layout_basic, pf_guarded_unrand_woodcutter
D:8:      layout_loops_cross, serial_shops, shop, nicolae_figureground_sparkle
D:9:      layout_cave_pools, david_orc_2, chequers_serial_rivers_marsh,
          hangedman_abyss_or_decor_jellyfish_corner,
          chequers_serial_rivers_micro_c
D:10:     minmay_the_grid_four_pointed_star_mashed
          [minmay_the_grid_triangle_9x9_skeleton,
          minmay_the_grid_triangle_9x9_wacky_v,
          minmay_the_grid_triangle_9x9_empty,
          minmay_the_grid_triangle_9x9_corrupted_corridor,
          minmay_the_grid_prize_four_corners_diamond_b], layout_basic,
          dpeg_oklobed_lair, enter_bailey_5, grunt_decor_fettered
D:11:     layout_basic, uniq_sonja
D:12:     layout_loops_cross, grunt_decor_resistance
D:15:     grunt_enter_depths_giant_problem, layout_basic, elyvilon_altar_5
Temple:   nicolae_temple_figure_eight
Lair:1:   layout_cave_pods, uniq_gastronok
Lair:2:   layout_chaotic_city, minmay_shoals_entry_centaurs,
          nicolae_quartered_pool_medium, serial_bayou_ford_a,
          grunt_megastairs_4, uniq_amaemon
Lair:3:   layout_small_grid, guppyfry_snake_entry_garden, uniq_nessos
Lair:4:   layout_gridlike, minmay_slime_entry_oklob_enclosed,
          serial_bayou_shore_b
Lair:5:   minmay_lair_end_frog_pond, layout_small_grid,
          chequers_serial_rivers_room_a, st_stairs_10
Orc:1:    layout_diamond_mine, basic_altar, gammafunk_ghost_grave, serial_shops,
          shop, uniq_harold
Orc:2:    grunt_orc_community_town_hall, layout_caves,
          grunt_orc_community_big_house_2, grunt_orc_community_big_house_1,
          grunt_orc_community_house_3, grunt_orc_community_house_1,
          grunt_orc_community_house_1, grunt_orc_community_house_1,
          grunt_orc_community_house_1, grunt_orc_community_house_1,
          serial_shops, shop_scrolls, nicolae_volcano_entry_lava_flow,
          minmay_orc_keep, uniq_azrael, uniq_maurice

Skill      XL: |  1  2  3  4  5  6  7  8  9 10 11 12 13 14 15 |
---------------+----------------------------------------------+-----
Shields        | 1 2 3 4 5 7 9 10 11 13 14 | 14.8
Axes           | 5 6 7 9 11 13 15 17 19 21 23 | 23.9
Armour         | 1 2 3 4 5 7 |  7.3
Invocations    | 5 8 10 12 14 15 | 15.1
Fighting       | |  3.6
Dodging        | |  2.4
Stealth        | |  1.5

Action                   |  1- 3 |  4- 6 |  7- 9 | 10-12 | 13-15 || total
-------------------------+-------+-------+-------+-------+-------++-------
Melee: Hand axe          |   138 |    75 |       |     9 |    37 ||   259
       War axe           |       |    64 |   348 |   296 |       ||   708
       Broad axe         |       |       |       |   285 |   901 ||  1186
Throw: Throwing net      |       |       |       |       |     2 ||     2
Invok: Stomp             |       |       |     1 |     1 |     7 ||     9
       Grand Finale      |       |       |       |     1 |     3 ||     4
       Line Pass         |       |       |       |       |     1 ||     1
Evoke: Wand              |       |       |       |       |     2 ||     2
  Use: Potion            |     1 |     1 |       |     1 |    12 ||    15
       Scroll            |       |    12 |    10 |     8 |     7 ||    37
 Stab: Sleeping          |     3 |       |       |       |       ||     3
       Paralysed         |       |       |     9 |    73 |   101 ||   183
       Invisible         |       |       |       |       |     3 ||     3
       Confused          |       |       |       |       |     1 ||     1
       Petrified         |       |       |       |       |     1 ||     1
Armor: Robe              |     8 |       |       |       |       ||     8
       Scale mail        |    17 |       |       |       |       ||    17
       Plate armour      |    22 |    74 |   111 |   168 |   222 ||   597
Dodge: Dodged            |    26 |    11 |    69 |   172 |   124 ||   402
Block: Kite shield       |    78 |    95 |   204 |   431 |   702 ||  1510
       Reflection        |       |       |       |       |    16 ||    16
